 Dungeon Crawl Stone Soup version 0.25.1-8-g42b30a86e7 (webtiles) character file.

Game seed: 15462991806512771418

115 DildoBatman the Conjurer (level 5, 0/35 HPs)
             Began as a Formicid Wizard on Dec 4, 2020.
             Slain by an adder (2 damage)
             ... on level 2 of the Dungeon.
             The game lasted 00:05:46 (2315 turns).

DildoBatman the Conjurer (Formicid Wizard)          Turns: 2315, Time: 00:05:47

Health: 0/35       AC:  2    Str: 11    XL:     5   Next: 20%
Magic:  3/9        EV: 12    Int: 19    God:
Gold:   60         SH:  0    Dex:  9    Spells: 3/10 levels left

rFire    . . .     SeeInvis +   d - +0 dagger
rCold    . . .     Gourm    .   (no shield)
rNeg     . . .     Faith    .   a - +0 robe
rPois    .         Spirit   .   (helmet unavailable)
rElec    .         Reflect  .   (no cloak)
rCorr    .         Harm     .   (no gloves)
MR       .....                  (no boots)
Stlth    ++........             (no amulet)
HPRegen  0.11/turn              (no ring)
MPRegen  0.11/turn              (no ring)

@: lethally poisoned (0 -> -2), very slightly contaminated, invisible
A: permanent stasis, dig shafts and tunnels, four strong arms, antennae 3
a: Dig, Shaft Self


You were on level 2 of the Dungeon.
You were hungry.

You visited 1 branch of the dungeon, and saw 2 of its levels.

You collected 60 gold pieces.

Inventory:

Hand Weapons
 d - a +0 dagger (weapon)
 l - a +0 hunting sling
 n - a +0 rapier
 o - a +0 spear
 p - a +2 hunting sling of freezing
Missiles
 b - 43 arrows
 j - 26 stones (quivered)
 m - 24 bolts
Armour
 a - a +0 robe (worn)
Scrolls
 c - 3 scrolls of amnesia {unknown}
 f - 2 scrolls of remove curse {unknown}
 i - 6 scrolls of identify {unknown}
 k - a scroll of teleportation {unknown}
Comestibles
 v - 4 rations


   Skills:
 - Level 1.7 Dodging
 - Level 2.4 Stealth
 - Level 3.2 Spellcasting
 * Level 4.2 Conjurations
   Level 1.0 Summonings
   Level 0.8 Translocations


You had 3 spell levels left.
You knew the following spells:

 Your Spells              Type           Power        Failure   Level  Hunger
a - Conjure Flame         Conj/Fire      ##......     19%         3    ###....
c - Magic Dart            Conj           ###.         2%          1    None
e - Mephitic Cloud        Conj/Pois/Air  #.......     26%         3    ###....

Your spell library contained the following spells:

 Spells                   Type           Power        Failure   Level  Hunger
 Call Imp                 Summ           #.......     16%         2    ##.....
 Slow                     Hex            #.......     22%         2    ##.....
 Blink                    Tloc           Unusable     N/A         2    N/A

Dungeon Overview and Level Annotations

Branches:
Dungeon (2/15)

Altars:
Trog
Uskayaw
The Shining One

Annotations:
D:1 Sigmund
D:2 1 exclusion


Innate Abilities, Weirdness & Mutations

You cannot be hasted, slowed, berserked, paralysed or teleported.
You can dig through walls and to a lower floor.
Your four strong arms can wield two-handed weapons with a shield.
You have a pair of large antennae on your head. (SInv)


Message History

The gnoll hits you from afar with a +0 halberd!
The adder bites you.
It was a potion of haste.
Your stasis prevents you from being hasted.
You feel sick. The adder closely misses you. The gnoll closely misses you.
Unknown command.
It was a potion of invisibility.
You fade into invisibility!
The adder barely misses you.
Casting: Magic Dart (safe; 2% risk of failure)
Confirm with . or Enter, or press ? or * to list all spells.
Aiming: Magic Dart (safe; 2% risk of failure)
Press: ? - help, Shift-Dir - straight line, f/p - gnoll
Aim: a gnoll, wielding a +0 halberd and quivering 15 stones (moderately wounded)
The magic dart hits the adder but does no damage.
The adder is almost dead.
The adder bites you.
You die...

.....###8...8...8##.#
.....# ###_###8####.#
.....# ### ### ##.#
###### #..# # ##.## #
#..# #.## ### ##.#
######.#########@.#
##...<........gS.##
##..........######
............#
............#
.)..........#
.#..........#
............#
g#..........#


You could see a gnoll and an adder.

Vanquished Creatures
  4 adders
  3 gnolls (D:2)
  A dart slug (D:1)
  A leopard gecko (D:1)
  5 giant cockroaches
  5 goblins
  3 hobgoblins
  9 kobolds
  3 ball pythons
  5 bats
  6 frilled lizards
  7 rats
52 creatures vanquished.

Notes
Turn   | Place    | Note
-------+----------+-------------------------------------------
     0 | D:1      | DildoBatman the Formicid Wizard began the quest for the
                  | Orb.
     0 | D:1      | Reached XP level 1. HP: 13/13 MP: 4/4
    19 | D:1      | Reached skill level 1 in Conjurations
   257 | D:1      | Reached XP level 2. HP: 19/19 MP: 1/6
   379 | D:1      | Reached skill level 2 in Conjurations
   692 | D:1      | Reached XP level 3. HP: 24/24 MP: 4/7
  1247 | D:2      | Reached skill level 3 in Conjurations
  1248 | D:2      | Reached XP level 4. HP: 30/30 MP: 1/8
  1723 | D:2      | Found a bloodstained altar of Trog.
  1723 | D:2      | Found a glowing golden altar of the Shining One.
  1839 | D:2      | Noticed Sigmund
  1937 | D:2      | Learned a level 3 spell: Conjure Flame
  1941 | D:2      | Learned a level 3 spell: Mephitic Cloud
  1993 | D:2      | Noticed a +0 hand axe
  1994 | D:2      | Found a hide-covered altar of Uskayaw.
  2006 | D:2      | Noticed a +0 dagger
  2014 | D:2      | Reached skill level 4 in Conjurations
  2014 | D:2      | Reached XP level 5. HP: 18/35 MP: 0/9
  2313 | D:2      | HP: 1/35 [poisoned by an adder]
  2315 | D:2      | Slain by an adder

Illustrated notes

Levels and vault maps discovered:
D:1:      arrival_zaba_pyramid, layout_basic, st_stairs_13
D:2:      layout_rooms, lemuel_coloured_pillars_altar, dancing_weapons_uskayaw,
          nicolae_overflow_hidden_temple, first_ration, minmay_misc_feat_tiny,
          uniq_sigmund

Skill      XL: |  1  2  3  4 |
---------------+-------------+-----
Conjurations   | 1 2 3 4 |  4.2
Dodging        | |  1.7
Stealth        | |  2.4
Spellcasting   | |  3.2
Summonings     | |  1.0
Translocations | |  0.8

Action                   |  1- 3 |  4- 6 || total
-------------------------+-------+-------++-------
Melee: Unarmed           |    13 |       ||    13
       Dagger            |     5 |     9 ||    14
 Cast: Magic Dart        |    72 |    62 ||   134
       Mephitic Cloud    |       |     1 ||     1
 Abil: Dig               |       |     4 ||     4
  Use: Potion            |       |     2 ||     2
  Eat: Chunk             |     1 |     3 ||     4
Armor: Robe              |     8 |     3 ||    11
Dodge: Dodged            |    22 |    20 ||    42
